 Dungeon Crawl Stone Soup version 0.31-a0-1074-g0b22e4e0f1 (webtiles) character file.

Game seed: 12294382680086287638

4 dialectric the Covered (level 1, 20/20 HPs)
             Began as a Minotaur Fighter on Dec 4, 2023.
             Was a Follower of Sif Muna.
             Got out of the dungeon alive.
             The game lasted 00:00:34 (170 turns).

dialectric the Covered (Minotaur Fighter)            Turns: 170, Time: 00:00:35

Health: 20/20      AC:  7    Str: 20    XL:     1   Next: 50%
Magic:  0/0        EV:  9    Int:  5    God:    Sif Muna [*.....]
Gold:   5          SH:  0    Dex:  9    Spells: 0/0 levels left

rFire   . . .        a - +0 flail
rCold   . . .        (no shield)
rNeg    . . .        b - +0 scale mail
rPois   .            (helmet restricted)
rElec   .            (no cloak)
rCorr   .            (no gloves)
SInv    .            (no boots)
Will    .....        (no amulet) Stlth
                     (no ring)
HPRegen 0.23/turn    (no ring)
MPRegen 0.07/turn

%: no passive effects
@: no status effects
A: horns 2, retaliatory headbutt
a: Renounce Religion, Channel Magic


You escaped.
You worshipped Sif Muna.
Sif Muna was aware of your devotion.
You visited 1 branch of the dungeon, and saw 1 of its levels.

You collected 5 gold pieces.

Inventory:

Hand Weapons
 a - a +0 flail (weapon)
Armour
 b - a +0 scale mail (worn)
 c - a +0 buckler
Scrolls
 f - a scroll of fog {unknown}
Potions
 d - a potion of might
 e - a potion of enlightenment {unknown}


   Skills:
 + Level 3.7 Fighting
 + Level 2.5 Maces & Flails
 + Level 3.7 Armour
 + Level 0.2 Dodging
 - Level 3.6 Shields


You couldn't memorise any spells.
You didn't know any spells.
Your spell library was empty.

Dungeon Overview and Level Annotations

Branches:
Dungeon (1/15)

Altars:
Sif Muna


Innate Abilities, Weirdness & Mutations

You have a pair of horns on your head.
You reflexively headbutt those who attack you in melee.


Message History

f - a scroll labelled YNTIUVVYJUPN The jackal barely misses you. x2
You hit the jackal.
You kill the jackal!
Unknown command.
The frilled lizard hisses angrily.
You see here a jackal corpse.
Found a plate armour and 8 gold pieces.
You barely miss the frilled lizard.
Your headbutt misses the frilled lizard.
The frilled lizard bites you but does no damage.
The frilled lizard barely misses you.
You barely miss the frilled lizard. The frilled lizard barely misses you.
You furiously retaliate!
You headbutt the frilled lizard, but do no damage.
Unknown command.
You miss the frilled lizard.
The frilled lizard bites you but does no damage.
You barely miss the frilled lizard. The frilled lizard barely misses you.
You furiously retaliate!
You headbutt the frilled lizard.
You kill the frilled lizard!
You see here a frilled lizard corpse.
There is a faded altar of an unknown god here.
This altar belongs to (a) Gozag, (b) Qazlal or (c) Sif Muna, but you can't tell which.
Press the corresponding letter to learn more about a god, or press enter to convert or escape to cancel.
Sif Muna accepts your prayer! Sif Muna welcomes you!
You can now call upon Sif Muna for magical energy.
Unknown command.
Press < or > to pray at altars.
There is an open door here.
You see here a stone.
The tengu shouts!
The kobold shouts!
The octopode shouts!
You see here 6 stones.
You see here a +0 dagger.
There is a staircase leading out of the dungeon here.
Alright, then stay!
Unknown command.
You have escaped!

#Q#..#K#
#.#####
###..####
#......
#x#...#^#
#######
###..(###
#Z#..)#Z#
###...###
#Z#...#Z#
###...###
##@## ###


You could see an orc zombie and a naga zombie.

Vanquished Creatures
  2 jackals (D:1)
  2 frilled lizards (D:1)
4 creatures vanquished.

Notes
Turn   | Place    | Note
-------+----------+-------------------------------------------
     0 | D:1      | dialectric the Minotaur Fighter began the quest for the
                  | Orb.
     0 | D:1      | Reached XP level 1. HP: 19/19 MP: 0/0
     8 | D:1      | Noticed a demonspawn zombie
    13 | D:1      | Noticed an octopode
    15 | D:1      | Noticed a tengu
    17 | D:1      | Noticed a merfolk zombie
    20 | D:1      | Noticed a merfolk
    79 | D:1      | Found a faded altar of an unknown god.
   102 | D:1      | Prayed at the altar of an unknown god.
   102 | D:1      | Became a worshipper of Sif Muna the Loreminder
   102 | D:1      | Reached * piety under Sif Muna
   170 | D:$      | Got out of the dungeon alive.

Illustrated notes

Levels and vault maps discovered:
D:1:      shiori_arrival_whats_in_store_for_you, layout_basic,
          hellmonk_ecumenical_altar_crossroads

Action                     || total
---------------------------++-------
  Melee: Flail             ||    10
         Headbutt          ||     1
 Armour: Scale mail        ||     8
  Dodge: Dodged            ||    11

Table legend: (Time is in decaauts)
 A = Elapsed time spent in this place.
 B = Non-inter-level travel time spent in this place.
 C = Inter-level travel time spent in this place.
 D = Time resting spent in this place.
 E = Time spent auto-exploring this place.
 F = Levels seen in this place.
 G = Mean time per level.
                   A        B        C        D        E       F      G
               +--------+--------+--------+--------+--------+-----+--------+
         Total |    172 |    114 |     58 |      0 |     66 |   1 |  172.0 |
       Dungeon |    172 |    114 |     58 |      0 |     66 |   1 |  172.0 |
               +--------+--------+--------+--------+--------+-----+--------+

Top non-repeatable levels by time:
     D:1: 172 daAuts
